PL
LEXINGTON BC @ BUCKHEAD BOWTIES
06/25/2019
 
TOP OF THE 1ST
Lexington BC batting - Pitching for Buckhead Bowties : RHP Kirby Brown
Pitching: RHP Kirby Brown
Batting: LHB Brad Elmore 0-0: Called Strike
0-1: Ball
1-1: Foul Ball, location: 2F
1-2: Ball
2-2: Strikes out swinging
Batting: RHB Juan Cabrera 0-0: Called Strike
0-1: Ball
1-1: Called Strike
1-2: Ball
2-2: Ground out 4-3 (Groundball, 4)
Batting: RHB Júlio Gruzmán 0-0: Ball
1-0: Fly out, F8 (Flyball, 78M)
Top of the 1st over - 0 run(s), 0 hit(s), 0 error(s), 0 left on base; Lexington 0 - Buckhead 0
BOTTOM OF THE 1ST
Buckhead Bowties batting - Pitching for Lexington BC : RHP Javier López
Pitching: RHP Javier López
Batting: LHB Sinclair van Kooten 0-0: Foul Ball, location: 2F
0-1: Foul Ball, location: 2F
0-2: Foul Ball, location: 2F
0-2: SINGLE (Line Drive, 34D)
Batting: RHB Gabriel Rodríguez 0-0: Foul Ball, location: 2F
0-1: Ball
1-1: Ball
2-1: Called Strike
2-2: Fly out, F9 (Flyball, 9M)
Batting: LHB Neil Lawson 0-0: Ball
1-0: Called Strike
1-1: Ball
2-1: Ball
3-1: Foul Ball, location: 2F
3-2: Base on Balls
Sinclair van Kooten to second
Batting: LHB Kenneth Chapman 0-0: Reached on error, E1 (Groundball, 15S)
Sinclair van Kooten to third
Neil Lawson to second
Batting: SHB Juan Sánchez 0-0: Called Strike
0-1: Ball
1-1: Swinging Strike
1-2: Strikes out swinging
Batting: RHB Tim Barnes 0-0: Ball
1-0: Foul Ball, location: 2F
1-1: Ball
2-1: Foul Ball, location: 2F
2-2: Strikes out swinging
Bottom of the 1st over - 0 run(s), 1 hit(s), 1 error(s), 3 left on base; Lexington 0 - Buckhead 0
TOP OF THE 2ND
Lexington BC batting - Pitching for Buckhead Bowties : RHP Kirby Brown
Batting: RHB Ed Hopkins 0-0: Called Strike
0-1: Called Strike
0-2: Strikes out swinging
Batting: RHB Steve Dunn 0-0: Foul Ball, location: 2F
0-1: Ball
1-1: Swinging Strike
1-2: Strikes out swinging
Batting: RHB Yoshiyuki Sasaki 0-0: Ball
1-0: Swinging Strike
1-1: Foul Ball, location: 2F
1-2: Foul Ball, location: 2F
1-2: Strikes out swinging
Top of the 2nd over - 0 run(s), 0 hit(s), 0 error(s), 0 left on base; Lexington 0 - Buckhead 0
BOTTOM OF THE 2ND
Buckhead Bowties batting - Pitching for Lexington BC : RHP Javier López
Batting: RHB Pedro Morales 0-0: Called Strike
0-1: Swinging Strike
0-2: Fly out, F4 (Popup, 4M)
Batting: RHB Joe Shaw 0-0: SINGLE (Groundball, 6MD)
Batting: SHB Kirby Brown 0-0: Sac Bunt - play at first, batter OUT! 2-4
Joe Shaw to second
Batting: LHB Sinclair van Kooten 0-0: Called Strike
0-1: Ball
1-1: Ground out 5-3 (Groundball, 56)
Bottom of the 2nd over - 0 run(s), 1 hit(s), 0 error(s), 1 left on base; Lexington 0 - Buckhead 0
TOP OF THE 3RD
Lexington BC batting - Pitching for Buckhead Bowties : RHP Kirby Brown
Batting: LHB Mike Gardner 0-0: Ball
1-0: Ball
2-0: Ball
3-0: Called Strike
3-1: Ground out 4-3 (Groundball, 4)
Batting: RHB Andre Dixon 0-0: Ball
1-0: Ball
2-0: Ground out 6-3 (Groundball, 6)
Batting: RHB Javier López 0-0: Ball
1-0: Ball
2-0: Called Strike
2-1: Fly out, F6 (Popup, 6D)
Top of the 3rd over - 0 run(s), 0 hit(s), 0 error(s), 0 left on base; Lexington 0 - Buckhead 0
BOTTOM OF THE 3RD
Buckhead Bowties batting - Pitching for Lexington BC : RHP Javier López
Batting: RHB Gabriel Rodríguez 0-0: Called Strike
0-1: Foul Ball, location: 2F
0-2: Ground out 6-3 (Groundball, 6)
Batting: LHB Neil Lawson 0-0: Called Strike
0-1: Swinging Strike
0-2: Ball
1-2: Ball
2-2: Ball
3-2: Base on Balls
Batting: LHB Kenneth Chapman 0-0: Ball
1-0: Called Strike
1-1: Called Strike
Neil Lawson is caught stealing 2nd base
1-2: Strikes out swinging
Bottom of the 3rd over - 0 run(s), 0 hit(s), 0 error(s), 0 left on base; Lexington 0 - Buckhead 0
TOP OF THE 4TH
Lexington BC batting - Pitching for Buckhead Bowties : RHP Kirby Brown
Batting: LHB Brad Elmore 0-0: Called Strike
0-1: Ball
1-1: SINGLE (Groundball, 3D)
Batting: RHB Juan Cabrera 0-0: Foul Ball, location: 2F
0-1: Ball
1-1: Ball
2-1: SINGLE (Groundball, 56D) (infield hit)
Brad Elmore to second
Batting: RHB Júlio Gruzmán 0-0: Foul Ball, location: 2F
0-1: Ball
1-1: Swinging Strike
1-2: Strikes out swinging
Batting: RHB Ed Hopkins 0-0: Ball
1-0: Ball
2-0: Grounds into double play, 5-4-3 (Groundball, 5)
Top of the 4th over - 0 run(s), 2 hit(s), 0 error(s), 1 left on base; Lexington 0 - Buckhead 0
BOTTOM OF THE 4TH
Buckhead Bowties batting - Pitching for Lexington BC : RHP Javier López
Batting: SHB Juan Sánchez 0-0: Called Strike
0-1: Ball
1-1: Foul Ball, location: 2F
1-2: Foul Ball, location: 2F
1-2: Ball
2-2: Ball
3-2: Base on Balls
Batting: RHB Tim Barnes 0-0: Ball
1-0: Ball
2-0: Called Strike
2-1: Foul Ball, location: 2F
2-2: Foul Ball, location: 2F
2-2: Ball
3-2: Base on Balls
Juan Sánchez to second
Batting: RHB Pedro Morales 0-0: Called Strike
0-1: Foul Ball, location: 2F
0-2: Ball
1-2: Ball
2-2: Fielders Choice at 2nd, 1-6 (Groundball, 13S)
Juan Sánchez to third
Batting: RHB Joe Shaw 0-0: Ball
1-0: Called Strike
1-1: Ball
2-1: Fly out, F6 (Popup, 5DF)
Batting: SHB Kirby Brown 0-0: Ball
1-0: Ball
2-0: DOUBLE (Popup, 56D)
Juan Sánchez scores
Pedro Morales to third
Runner from 3rd tries for Home, SAFE, no throw or cutoff
Batting: LHB Sinclair van Kooten 0-0: Ball
1-0: Ball
2-0: Fly out, F3 (Popup, 3S)
Bottom of the 4th over - 2 run(s), 1 hit(s), 0 error(s), 1 left on base; Lexington 0 - Buckhead 2
TOP OF THE 5TH
Lexington BC batting - Pitching for Buckhead Bowties : RHP Kirby Brown
Batting: RHB Steve Dunn 0-0: Ball
1-0: Ground out 6-3 (Groundball, 6)
Batting: RHB Yoshiyuki Sasaki 0-0: Ground out 5-3 (Groundball, 5L)
Batting: LHB Mike Gardner 0-0: Called Strike
0-1: Fly out, F7 (Flyball, 78M)
Top of the 5th over - 0 run(s), 0 hit(s), 0 error(s), 0 left on base; Lexington 0 - Buckhead 2
BOTTOM OF THE 5TH
Buckhead Bowties batting - Pitching for Lexington BC : RHP Javier López
Batting: RHB Gabriel Rodríguez 0-0: Ball
1-0: Ground out 5-3 (Groundball, 5)
Batting: LHB Neil Lawson 0-0: Ball
1-0: SOLO HOME RUN (Flyball, 8LXD), Distance : 439 ft
Batting: LHB Kenneth Chapman 0-0: Fly out, F6 (Popup, 5D)
Batting: SHB Juan Sánchez 0-0: Ball
1-0: Ball
2-0: Called Strike
2-1: Swinging Strike
2-2: Ball
3-2: Foul Ball, location: 2F
3-2: SINGLE (Flyball, 9LM)
Batting: RHB Tim Barnes 0-0: Foul Ball, location: 2F
0-1: SINGLE (Groundball, 5D)
Juan Sánchez to second
Batting: RHB Pedro Morales 0-0: Fly out, F5 (Popup, 5)
Bottom of the 5th over - 1 run(s), 3 hit(s), 0 error(s), 2 left on base; Lexington 0 - Buckhead 3
TOP OF THE 6TH
Lexington BC batting - Pitching for Buckhead Bowties : RHP Kirby Brown
Batting: RHB Andre Dixon 0-0: Ball
1-0: Foul Ball, location: 2F
1-1: Ball
2-1: Fly out, F3 (Popup, 23)
Batting: RHB Javier López 0-0: Ball
1-0: Swinging Strike
1-1: Ground out 4-3 (Groundball, 4M)
Batting: LHB Brad Elmore 0-0: Ball
1-0: Foul Ball, location: 2F
1-1: Ground out 4-3 (Groundball, 4)
Top of the 6th over - 0 run(s), 0 hit(s), 0 error(s), 0 left on base; Lexington 0 - Buckhead 3
BOTTOM OF THE 6TH
Buckhead Bowties batting - Pitching for Lexington BC : RHP Javier López
Batting: RHB Joe Shaw 0-0: Ball
1-0: Foul Ball, location: 2F
1-1: Ball
2-1: Foul Ball, location: 2F
2-2: Fly out, F9 (Popup, 9S)
Batting: SHB Kirby Brown 0-0: Ball
1-0: Ground out U3 (Groundball, 3S)
Batting: LHB Sinclair van Kooten 0-0: Called Strike
0-1: Called Strike
0-2: Ball
1-2: SINGLE (Groundball, 25) (infield hit)
Batting: RHB Gabriel Rodríguez 0-0: Ball
1-0: Swinging Strike
1-1: Called Strike
Sinclair van Kooten steals 2nd base
1-2: Ball
2-2: SINGLE (Groundball, 5D)
Sinclair van Kooten to third
Runner from 3rd tries for Home, SAFE, no throw or cutoff
Pitching: RHP Wally Nelson
Batting: LHB Neil Lawson 0-0: Ball
1-0: Ball
2-0: Foul Ball, location: 2F
2-1: Foul Ball, location: 2F
2-2: Foul Ball, location: 2F
2-2: Ball
3-2: Foul Ball, location: 2F
3-2: Base on Balls
Gabriel Rodríguez to second
Batting: LHB Kenneth Chapman 0-0: Called Strike
0-1: Ball
1-1: SINGLE (Flyball, 7LS)
Gabriel Rodríguez to third
Neil Lawson to second
Runner from 3rd tries for Home, SAFE, no throw or cutoff
Batting: SHB Juan Sánchez 0-0: Called Strike
0-1: SINGLE (Line Drive, 9LS)
Neil Lawson to third
Kenneth Chapman to second
Batting: RHB Tim Barnes 0-0: SINGLE (Line Drive, 8LS)
Neil Lawson scores
Kenneth Chapman to third
Juan Sánchez to second
Runner from 3rd tries for Home, SAFE, no throw or cutoff
Batting: RHB Pedro Morales 0-0: Ball
1-0: Swinging Strike
1-1: Called Strike
1-2: Foul Ball, location: 2F
1-2: Foul Ball, location: 2F
1-2: Ball
2-2: Fly out, F9 (Line Drive, 9D)
Bottom of the 6th over - 4 run(s), 5 hit(s), 0 error(s), 2 left on base; Lexington 0 - Buckhead 7
TOP OF THE 7TH
Lexington BC batting - Pitching for Buckhead Bowties : RHP Kirby Brown
Batting: RHB Juan Cabrera 0-0: Swinging Strike
0-1: Swinging Strike
0-2: Strikes out looking
Batting: RHB Júlio Gruzmán 0-0: Foul Ball, location: 2F
0-1: Ball
1-1: Swinging Strike
1-2: Strikes out swinging
Batting: RHB Ed Hopkins 0-0: Ball
1-0: Ball
2-0: Foul Ball, location: 2F
2-1: Called Strike
2-2: Foul Ball, location: 2F
2-2: Foul Ball, location: 2F
2-2: Foul Ball, location: 2F
2-2: Strikes out swinging
Top of the 7th over - 0 run(s), 0 hit(s), 0 error(s), 0 left on base; Lexington 0 - Buckhead 7
BOTTOM OF THE 7TH
Buckhead Bowties batting - Pitching for Lexington BC : RHP Wally Nelson
Batting: RHB Joe Shaw 0-0: Ball
1-0: Called Strike
1-1: Ball
2-1: SINGLE (Groundball, 5L)
Batting: SHB Kirby Brown 0-0: Bunted foul
0-1: Bunted foul
0-2: Sac Bunt - play at first, batter OUT! 1-4
Joe Shaw to second
Batting: LHB Sinclair van Kooten 0-0: Ball
1-0: Ball
2-0: Called Strike
2-1: Foul Ball, location: 2F
2-2: Ball
3-2: Fly out, F5 (Popup, 5F)
Batting: RHB Gabriel Rodríguez 0-0: Called Strike
0-1: Ball
1-1: Ball
2-1: Foul Ball, location: 2F
2-2: Foul Ball, location: 2F
2-2: Strikes out looking
Bottom of the 7th over - 0 run(s), 1 hit(s), 0 error(s), 1 left on base; Lexington 0 - Buckhead 7
TOP OF THE 8TH
Lexington BC batting - Pitching for Buckhead Bowties : RHP Kirby Brown
Batting: RHB Steve Dunn 0-0: Ball
1-0: Ground out 2-3 (Groundball, 25)
Batting: RHB Yoshiyuki Sasaki 0-0: Called Strike
0-1: Ground out 4-3 (Groundball, 4MS)
Batting: LHB Mike Gardner 0-0: Foul Ball, location: 2F
0-1: Foul Ball, location: 2F
0-2: Ball
1-2: Strikes out swinging
Top of the 8th over - 0 run(s), 0 hit(s), 0 error(s), 0 left on base; Lexington 0 - Buckhead 7
BOTTOM OF THE 8TH
Buckhead Bowties batting - Pitching for Lexington BC : RHP Wally Nelson
Batting: LHB Neil Lawson 0-0: SINGLE (Flyball, 7LM)
Batting: LHB Kenneth Chapman 0-0: Ball
1-0: Ball
Neil Lawson steals 2nd base
2-0: Fly out, F9 (Flyball, 9D)
Runner from 2nd tags up, SAFE at 3rd, no throw
Batting: SHB Juan Sánchez 0-0: Called Strike
0-1: Ball
1-1: Called Strike
1-2: Ball
2-2: Ground out 4-3 (Groundball, 4)
Neil Lawson scores
Batting: RHB Tim Barnes 0-0: Ball
1-0: Called Strike
1-1: Fly out, F8 (Flyball, 8LXD)
Bottom of the 8th over - 1 run(s), 1 hit(s), 0 error(s), 0 left on base; Lexington 0 - Buckhead 8
TOP OF THE 9TH
Lexington BC batting - Pitching for Buckhead Bowties : RHP Kirby Brown
Batting: RHB Andre Dixon 0-0: Ball
1-0: Called Strike
1-1: Ball
2-1: Swinging Strike
2-2: SINGLE (Line Drive, 6MD)
Pinch Hitting: RHB Vicente Díaz 0-0: Swinging Strike
0-1: Ball
1-1: Called Strike
1-2: Strikes out looking
Batting: LHB Brad Elmore 0-0: Ball
1-0: Foul Ball, location: 2F
1-1: Ball
2-1: Foul Ball, location: 2F
2-2: Strikes out swinging
Batting: RHB Juan Cabrera 0-0: Ball
1-0: SINGLE (Groundball, 5S)
Andre Dixon to second
Batting: RHB Júlio Gruzmán 0-0: Ball
1-0: Called Strike
1-1: Ball
2-1: Swinging Strike
2-2: Strikes out swinging
Top of the 9th over - 0 run(s), 2 hit(s), 0 error(s), 2 left on base; Lexington 0 - Buckhead 8
This league is powered by Out of the Park Baseball, the baseball management simulation game for PC, Mac and Linux
Saturday, July 25th, 2015 - OOTP Baseball 15.6 Build 34